 Dungeon Crawl Stone Soup version 0.29.1 (webtiles) character file.

Game seed: 2339168497749557920

224 mtoz the Covered (level 5, -1/47 HPs)
             Began as a Minotaur Fighter on Sept 13, 2022.
             Slain by a bullfrog (5 damage)
             ... in a sewer.
             The game lasted 00:06:53 (1854 turns).

mtoz the Covered (Minotaur Fighter)                 Turns: 1854, Time: 00:06:54

Health: -1/47      AC:  7    Str: 23    XL:     5   Next: 67%
Magic:  4/4        EV:  9    Int:  5    God:
Gold:   135        SH:  4    Dex:  9    Spells: 4/4 levels left

rFire   . . .      SeeInvis .   a - +0 war axe
rCold   . . .      Faith    .   c - +0 buckler
rNeg    . . .      Spirit   .   b - +0 scale mail
rPois   .          Reflect  .   (helmet restricted)
rElec   .          Harm     .   (no cloak)
rCorr   .          Rampage  .   (no gloves)
Will    .....                   (no boots)
Stlth   ..........              (no amulet)
HPRegen 0.15/turn               (no ring)
MPRegen 0.09/turn               (no ring)

@: lethally poisoned (-1 -> -2), very slow
A: horns 2, retaliatory headbutt
a: no special abilities


You were in a sewer.
You visited 1 branch of the dungeon, and saw 4 of its levels.
You also visited: Sewer.

You collected 135 gold pieces.

Inventory:

Hand Weapons
 a - a +0 war axe (weapon)
Armour
 b - a +0 scale mail (worn)
 c - a +0 buckler (worn)
Jewellery
 e - a ring of wizardry
Scrolls
 g - a scroll of fog {unknown}
 h - 2 scrolls of immolation {unknown}
 i - a scroll of silence {unknown}
 j - 3 scrolls of identify
 k - a scroll of enchant armour {unknown}
 m - 2 scrolls of teleportation {unknown}
 n - a scroll of enchant weapon {unknown}
 p - a scroll of acquirement {unknown}
 q - a scroll of noise {unknown}
Potions
 d - 3 potions of might
 f - 4 potions of brilliance
 l - 2 potions of lignification
 o - a potion of heal wounds
 r - a potion of invisibility {unknown}
 s - a potion of degeneration {unknown}


   Skills:
 + Level 4.9 Fighting
 + Level 4.1 Axes
 + Level 5.0 Armour
 + Level 5.0 Shields


You had 4 spell levels left.
You didn't know any spells.
Your spell library contained the following spells:

 Spells                   Type           Power      Damage    Failure   Level
 Slow                     Hex            0%         N/A       86%         1
 Confusing Touch          Hex            0%         N/A       99%         3
 Frozen Ramparts          Ice            0%         1d1       99%         3
 Vampiric Draining        Necr           0%         2d6       99%         3
 Ice Form                 Ice/Tmut       0%         N/A       100%        4
 Summon Ice Beast         Ice/Summ       0%         N/A       100%        4


Dungeon Overview and Level Annotations

Branches:
Dungeon (4/15)              Sewer (1/1)
 Temple: D:4-7

Altars:

Shops:
D:2 *==!(


Innate Abilities, Weirdness & Mutations

You have a pair of horns on your head.
You reflexively headbutt those who attack you in melee.


Message History

The bullfrog hits you but does no damage.
The ball python loses its grip on you. The bullfrog closely misses you.
The ball python closely misses you. You block the ball python's attack.
Your Shields skill increases to level 5!
You slash the adder!
The adder is almost dead.
You hit the ball python. You barely miss the ball python.
You barely miss the bullfrog. You closely miss the bullfrog.
You feel sick. You block the bullfrog's attack.
The adder bites you but does no damage.
The ball python bites you but does no damage.
The ball python grabs you. The ball python constricts you.
The bullfrog hits you but does no damage.
The bullfrog hits you. The ball python bites you.
The adder bites you but does no damage. The ball python barely misses you.
The ball python constricts you. The bullfrog barely misses you.
You furiously retaliate!
You headbutt the bullfrog.
Your unstable footing causes you to fumble your attack.
You feel sick. The bullfrog hits you! You block the adder's attack.
The ball python bites you.
The bullfrog hits you but does no damage.
The ball python closely misses you. The ball python constricts you.
The bullfrog hits you.
* * * LOW HITPOINT WARNING * * *
The adder bites you but does no damage.
The ball python bites you but does no damage.
The bullfrog hits you.
* * * LOW HITPOINT WARNING * * *
The ball python completely misses you. You furiously retaliate!
You headbutt the ball python.
You kill the ball python!
You hit the adder.
You kill the adder!
You slash the bullfrog! You closely miss the ball python. You hit the bullfrog.
You feel sick. The bullfrog barely misses you. The bullfrog hits you.
* * * LOW HITPOINT WARNING * * *
The ball python bites you but does no damage.
The ball python barely misses you. The bullfrog hits you.
* * * LOW HITPOINT WARNING * * *
The bullfrog hits you.
You die...

##....
#......+
#.....
......#
##.....
......
#......
##....##
##....#
#~≈~≈≈≈#
#~~~≈~≈
#~≈≈~~≈#
#~~≈≈≈≈
#≈F~~~≈#
#~~~~≈≈
#≈F@S~≈#
#≈≈~≈≈≈
#≈≈~†≈≈#
#≈≈~~~≈
#≈~#~≈≈#
#≈≈~≈≈~
#~.≈≈≈≈#
#≈≈~~~~
#~.≈≈≈≈#
##....#
#≈~#~≈≈#
#≈.....
#≈≈~~≈≈#
#≈..†.≈
#≈≈~~≈≈#
#~†≈≈≈≈
#≈~~~≈≈#
#~~≈≈≈≈


You could see 2 bullfrogs and a ball python.

Vanquished Creatures
  6 adders
  11 river rats (Sewer)
  A worm (D:2)
  A dart slug (D:1)
  15 ball pythons
  5 endoplasms
  2 giant cockroaches
  5 goblins
  5 hobgoblins
  3 jackals (D:1)
  3 quokkas
  3 bats (D:1)
  2 frilled lizards
  A kobold (D:1)
  28 rats
91 creatures vanquished.

Notes
Turn   | Place    | Note
-------+----------+-------------------------------------------
     0 | D:1      | mtoz the Minotaur Fighter began the quest for the Orb.
     0 | D:1      | Reached XP level 1. HP: 19/19 MP: 0/0
   121 | D:1      | Reached XP level 2. HP: 27/27 MP: 1/1
   525 | D:2      | Reached XP level 3. HP: 33/33 MP: 2/2
   589 | D:2      | Found Zirgh's Assorted Antiques.
   595 | D:2      | Found Dosugged's Jewellery Boutique.
   668 | D:2      | Found a faded altar of an unknown god.
   693 | D:2      | Found Efehesk's Distillery.
   761 | D:2      | Found Vuahuen's Jewellery Shoppe.
   817 | D:2      | Found Caemmis's Weapon Boutique.
  1181 | D:3      | You fall into a shaft and drop 1 floor!
  1217 | D:3      | Reached XP level 4. HP: 36/40 MP: 3/3
  1226 | D:3      | Found a glowing drain.
  1230 | Sewer    | Entered a sewer
  1495 | Sewer    | Reached XP level 5. HP: 5/47 MP: 4/4
  1752 | Sewer    | Reached skill level 5 in Armour
  1852 | Sewer    | Reached skill level 5 in Shields
  1854 | Sewer    | Slain by a bullfrog

Illustrated notes

Levels and vault maps discovered:
D:1:      elethiomel_arrival_quiet, layout_basic
D:2:      layout_basic, serial_shops, shop, shop_statue, shop_statue,
          nicolae_shop_advertising_works [nicolae_subvault_shop_adworks],
          shop_fountains, shapermc_ecumenical_altar_mp_highgroup,
          chequers_serial_rivers_micro_c, kennysheep_generic_room_11
D:3:      layout_basic, nicolae_uskayaw_suspiria, serial_shops,
          nicolae_shop_overgrown_old_shop, gup_sewer_entry_bowl
D:4:      layout_loops_cross, serial_bayou_ford_a, serial_bayou_lake_a
Sewer:    sewer_minmay_w

Skill      XL: |  1  2  3  4  5 |
---------------+----------------+-----
Fighting       | 4 |  4.9
Shields        | 4 5 |  5.0
Armour         | 4 5 |  5.0
Axes           | 3 4 |  4.1

Action                   |  1- 3 |  4- 6 || total
-------------------------+-------+-------++-------
Melee: War axe           |    71 |    79 ||   150
       Headbutt          |     8 |    11 ||    19
  Use: Scroll            |     3 |       ||     3
       Potion            |       |     1 ||     1
Armor: Scale mail        |    36 |    59 ||    95
Dodge: Dodged            |    33 |    75 ||   108
Block: Buckler           |    12 |    25 ||    37
